Qlup, lawful female human Valkyrie --.------- |........| |....@...| |........| |.....@w.| ---------- Qlup the Woman-at-arms Experience level: 11 Strength: 21 Dexterity: 15 Constitution: 15 Intelligence: 11 Wisdom: 12 Charisma: 7 Health: 64(67) Energy: 42(42) Def: 19 Gold: 0 Moves: 16079 Dungeon seed: Eyu3yswH8XtyMGGt Game ID: Qlup_1515632337 Your Inventory: Weapons a - the blessed rustproof +1 Excalibur (weapon in hand) x - 10 uncursed +0 daggers (in quiver) Armor e - an uncursed +3 small shield (being worn) n - an uncursed +0 pair of water walking boots (being worn) r - an uncursed +0 dwarvish mithril-coat (being worn) y - an uncursed +0 cloak of displacement (being worn) z - an uncursed rusty +0 dwarvish iron helm (being worn) Y - an uncursed +0 pair of leather gloves (being worn) Comestibles w - an uncursed food ration U - an uncursed female lizard corpse Scrolls M - a cursed scroll of fire Rings m - an uncursed ring of warning q - an uncursed ring of fire immunity (on left hand) G - an uncursed ring of polymorph control (on right hand) Wands l - an uncursed wand of light (0:10) F - an uncursed wand of teleportation (0:3) N - an uncursed wand of cold (0:7) R - an uncursed wand of sleep (0:6) V - an uncursed wand of fire (0:4) W - an uncursed wand of make invisible (0:4) Tools d - an uncursed oil lamp (0:1112) h - an uncursed bag of holding p - an uncursed fire horn (0:3) H - an uncursed +0 unicorn horn S - an uncursed skeleton key T - an uncursed towel Contents of the bag of holding: 4102 gold pieces 10 uncursed +0 daggers 2 uncursed eggs 2 uncursed lembas wafers an uncursed male lizard corpse an uncursed tripe ration an uncursed scroll of amnesia an uncursed scroll of confuse monster an uncursed scroll of create monster an uncursed scroll of destroy armor an uncursed scroll of enchant armor a blessed scroll of fire 4 uncursed scrolls of identify a cursed scroll of identify an uncursed scroll of remove curse a blessed scroll of teleportation 8 uncursed scrolls of teleportation an uncursed potion of extra healing an uncursed potion of gain ability an uncursed potion of gain energy a cursed potion of gain energy an uncursed potion of monster detection 2 uncursed potions of object detection an uncursed potion of sickness 2 uncursed potions of water a cursed +3 ring of gain strength an uncursed ring of slow digestion a blessed wand of enlightenment (0:12) an uncursed bell an uncursed can of grease (0:18) an uncursed magic marker (0:48) an uncursed rusty +0 pick-axe an uncursed +0 unicorn horn an uncursed wooden flute Spells and supernatural/magical abilities: Spells marked with '*' are forgotten. Spells marked with '!' are maintained. Spells marked with '#' are aliased with 'castalias'. Name Level Category Fail Memory W - pray for help -- divine ? -- Your skills at the end: Fighting Skills wands [Basic] Weapon Skills dagger [Skilled] long sword [Expert] Spellcasting Skills Final Attributes: You were immune to fire. You were immune to cold. You were poison resistant. You were level-drain resistant. You were telepathic. You were displaced. You were stealthy. You could walk on water. You were protected. You had polymorph control. You were fast. You last prayed 206 turns ago. You are dead. Vanquished creatures: 4 stone golems a baby gray dragon a baby black dragon 2 black puddings a vampire a ghost 4 giant mimics an ice troll a large mimic a long worm 2 stalkers an earth elemental a giant mummy a giant zombie an elf-lord 5 wargs 15 small mimics a glass piercer a warhorse an ettin mummy an ogre lord 2 quantum mechanics 3 electric eels a gelatinous cube a large dog a shocking sphere 2 large cats a gargoyle a leocrotta 2 energy vortices a human mummy 2 red nagas 2 pit vipers 2 cobras 5 Grey-elves 4 soldiers 2 giant beetles 4 cockatrices 6 wolves 2 winter wolf cubs 2 panthers 2 gremlins 12 leprechauns an orc-captain an iron piercer 4 giant spiders 2 scorpions 5 black lights 4 vampire bats 3 gnome kings 2 orc mummies 2 dwarf mummies 4 ogres a brown pudding 2 rust monsters 7 owlbears 2 yetis a gold golem a werewolf 3 Green-elves 6 lizards 2 chickatrices a dog 2 housecats 3 jaguars a blue jelly 2 gray unicorns a dust vortex 3 ravens 2 plains centaurs a gnome mummy 3 snakes 5 apes 5 human zombies a Woodland-elf a fire ant 3 bugbears 2 quasits 3 wood nymphs a water nymph 4 mountain nymphs 2 rock piercers 2 fog clouds 3 yellow lights 6 shriekers 2 violet fungi 9 gnome lords 8 gnomish wizards a kobold mummy a golden naga hatchling 2 guardian naga hatchlings 2 gray oozes 2 barrow wights 2 elf zombies 4 ghouls 2 straw golems a jellyfish a baby crocodile 8 giant ants a little dog 4 floating eyes a kitten 4 dwarves 4 homunculi 2 kobold lords 2 kobold shamans 8 hill orcs 14 rothes a rabid rat 2 centipedes 4 giant bats 6 monkeys 2 orc zombies a dwarf zombie 2 wererats a werejackal 8 iguanas 8 killer bees 4 acid blobs 6 coyotes a hobbit 2 manes 3 large kobolds 6 hobgoblins 3 giant rats 5 cave spiders a brown mold a yellow mold 2 green molds 3 red molds 34 gnomes 6 garter snakes 3 gnome zombies 4 geckos 14 jackals a fox 4 kobolds 6 goblins 3 sewer rats 7 grid bugs 5 bats 5 lichens 3 kobold zombies 8 newts 477 creatures vanquished. Voluntary challenges: You had been an atheist until turn 3575. You used a wielded weapon 724 times, starting on turn 52. You read items or engraved 20 times, starting on turn 439. You never genocided any monsters. You never polymorphed an object. You never changed form. You used no wishes. You split 1 pudding, starting on turn 9613. You wrote Elbereth's name 9 times, starting on turn 3960. You never violated your personal moral code. Dungeon overview: The Dungeons of Doom: levels 1 to 25 Level 1 a fountain, a vault a long staircase Level 2 a general store, a vault Level 3 a scroll shop Level 4 some fountains, a sink stairs to The Gnomish Mines Level 5 Level 6 a fountain Level 7 an armor shop, some fountains Level 8 many fountains Level 9 a fountain, some sinks stairs to Sokoban Level 10 a fountain, a vault Level 11 a throne Level 12 (stash up stairs) a temple to Loki, a vault Level 13 a general store, a fountain, a sink Level 14 a temple to Odin, some fountains Level 15 a temple to Loki Level 16 Level 17 Level 18 a fountain, a vault Level 19 an armor shop, a sink Level 20 a potion shop, a fountain Level 21 a vault Level 22 a vault Level 23 a fountain Level 24 Level 25 <- You were here The Gnomish Mines: levels 5 to 8 Level 5 stairs to The Dungeons of Doom Level 6 Level 7 Level 8 many shops, a temple to Loki, some fountains, a sink Sokoban: levels 5 to 8 Level 5 Level 6 Level 7 Level 8 stairs to The Dungeons of Doom History has recorded: On T:1 you entered the Dungeons of Doom to retrieve the Amulet of Yendor! On T:319 you reached level 2 of The Dungeons of Doom. On T:395 you advanced to experience level 2. On T:695 you advanced to experience level 3. On T:764 you reached level 3 of The Dungeons of Doom. On T:1082 you advanced to experience level 4. On T:1363 you reached level 4 of The Dungeons of Doom. On T:1636 you advanced to experience level 5. On T:1763 you reached level 1 of The Gnomish Mines. On T:2145 you reached level 2 of The Gnomish Mines. On T:2201 you advanced to experience level 6. On T:2400 you reached level 3 of The Gnomish Mines. On T:3098 you reached level 4 of The Gnomish Mines. On T:3190 you advanced to experience level 7. On T:3917 you reached level 5 of The Dungeons of Doom. On T:4116 you reached level 6 of The Dungeons of Doom. On T:4329 you reached level 7 of The Dungeons of Doom. On T:4357 you advanced to experience level 8. On T:4685 you reached level 8 of The Dungeons of Doom. On T:4905 you reached level 9 of The Dungeons of Doom. On T:5097 you reached level 4 of Sokoban. On T:5337 you reached level 3 of Sokoban. On T:5863 you reached level 2 of Sokoban. On T:6346 you reached level 1 of Sokoban. On T:7095 you advanced to experience level 9. On T:7115 you reached level 10 of The Dungeons of Doom. On T:7427 you reached level 11 of The Dungeons of Doom. On T:7817 you reached level 12 of The Dungeons of Doom. On T:8173 you reached level 13 of The Dungeons of Doom. On T:8417 you reached level 14 of The Dungeons of Doom. On T:8874 you reached level 15 of The Dungeons of Doom. On T:9299 you reached level 16 of The Dungeons of Doom. On T:9614 you advanced to experience level 10. On T:9816 you reached level 17 of The Dungeons of Doom. On T:10160 you reached level 18 of The Dungeons of Doom. On T:11420 you reached level 19 of The Dungeons of Doom. On T:11618 you reached level 20 of The Dungeons of Doom. On T:11932 you reached level 21 of The Dungeons of Doom. On T:12113 you advanced to experience level 11. On T:14374 you reached level 22 of The Dungeons of Doom. On T:14973 you reached level 23 of The Dungeons of Doom. On T:15184 you reached level 24 of The Dungeons of Doom. On T:15892 you advanced to experience level 11. On T:16079 you reached level 25 of The Dungeons of Doom. Score breakdown: Gold: 4102 (12290 points) Experience: 11 levels (17616 points) Exploration: 25 levels ( 50.00%) (20995 points) Discoveries: 32 items ( 12.85%) (10754 points) Valuables value: (no points given unless you survive) Artifact value: 4000 (12253 points) Variety of kills: 144 monsters ( 37.89%) (18467 points) Turncount: 16079 turns (-3080 points) Survival: died (score multiplied by 80%) Total score: 71436 Latest messages: Something is written here in the dust. You read: "Fl??retn". There are a few objects here. You drop a wand of magic missile. You drop an uncursed wand of slow monster. Nothing happens. Nothing happens. You drop a pair of jungle boots. Your movements are now unencumbered. You drop a polished silver shield. There is a staircase down here. You see here 52 rocks. You meet Medusa's gaze. You turn to stone... Final status: Farvel Qlup the Valkyrie, petrified by catching the eye of Medusa... You turned to stone in The Dungeons of Doom on dungeon level 25 with 71436 points, and 4102 pieces of gold, after 16079 moves. You were level 11 with a maximum of 67 hit points when you turned to stone.